 Dungeon Crawl Stone Soup version 0.23.1 (webtiles) character file.

Game seed: 7453172160396137619

3749 doot the Thaumaturge (level 9, 0/47 HPs)
             Began as a Deep Elf Necromancer on Mar 7, 2019.
             Was a High Priest of Sif Muna.
             Slain by a hippogriff (7 damage)
             ... on level 10 of the Dungeon.
             The game lasted 00:34:52 (8753 turns).

doot the Thaumaturge (Deep Elf Necromancer)         Turns: 8753, Time: 00:34:52

Health: 0/47       AC:  7    Str:  9    XL:     9   Next: 93%
Magic:  37/46      EV: 16    Int: 24    God:    Sif Muna [*****.]
Gold:   151        SH:  0    Dex: 11    Spells: 6/34 levels left

rFire    . . .     SeeInvis +   y - +1 dagger
rCold    . . .     Gourm    .   (no shield)
rNeg     . . .     Faith    .   B - +1 robe "Loq Tian" {MP+9 Str+4 Dex-4 SInv}
rPois    .         Spirit   .   (no helmet)
rElec    .         Reflect  +   D - +0 cloak
rCorr    .         Harm     .   s - +1 pair of gloves
MR       .....                  o - +0 pair of boots
Stlth    +.........             h - +5 amulet of reflection
HPRegen  0.15/turn              f - ring of magical power
MPRegen  0.30/turn              G - +3 ring of evasion

@: confused, flying
A: no striking features
a: Divine Energy, Channel Magic, Forget Spell, Renounce Religion


You were on level 10 of the Dungeon.
You worshipped Sif Muna.
Sif Muna was extremely pleased with you.
You were not hungry.

You visited 2 branches of the dungeon, and saw 11 of its levels.

You collected 577 gold pieces.
You spent 426 gold pieces at shops.

Inventory:

Hand Weapons
 b - a +0 dagger
 y - a +1 dagger (weapon)
Armour
 a - a +0 robe
 o - a +0 pair of boots (worn)
 s - a +1 pair of gloves (worn)
 B - the +1 robe "Loq Tian" (worn) {MP+9 Str+4 Dex-4 SInv}
   (You bought it in a shop on level 6 of the Dungeon)

   It affects your strength (+4).
   It affects your dexterity (-4).
   It affects your magic capacity (+9).
   It lets you see invisible.
 D - a +0 cloak (worn)
Jewellery
 f - a ring of magical power (left hand)
 h - a +5 amulet of reflection (around neck)
 k - a +4 ring of intelligence
 m - a cursed amulet of inaccuracy {unknown}
 q - an uncursed amulet of rage {unknown}
 r - an uncursed amulet of rage {unknown}
 v - a +4 ring of dexterity
 G - a +3 ring of evasion (right hand)
Wands
 j - a wand of flame (28)
Scrolls
 d - a scroll of enchant armour
 e - 3 scrolls of remove curse
 g - 2 scrolls of amnesia
 l - 2 scrolls of fog
 p - 3 scrolls of identify
 A - 3 scrolls of magic mapping
 C - a scroll of blinking
 F - a scroll of acquirement {unknown}
Potions
 i - 2 potions of magic {unknown}
 n - a potion of haste
 t - 2 potions of flight
 u - a potion of degeneration {unknown}
 w - a potion of invisibility {unknown}
 x - a potion of mutation
 z - a potion of lignification {unknown}
 H - a potion of berserk rage {unknown}
Comestibles
 c - 15 rations


   Skills:
 + Level 1.1 Fighting
 + Level 0.8 Short Blades
 + Level 3.1 Dodging
 + Level 3.6 Stealth
 + Level 13.0 Spellcasting
 + Level 2.4 Conjurations
 + Level 0.7 Charms
 + Level 2.3 Summonings
 + Level 10.9 Necromancy
 + Level 1.6 Translocations
 + Level 0.5 Fire Magic
 + Level 0.5 Air Magic
 + Level 1.0 Poison Magic


You had 6 spell levels left.
You knew the following spells:

 Your Spells              Type           Power        Failure   Level  Hunger
a - Pain                  Necr           ####         1%          1    None
b - Animate Skeleton      Necr           N/A          1%          1    None
c - Regeneration          Chrm/Necr      #####.....   1%          3    None
d - Vampiric Draining     Necr           ######....   1%          3    None
e - Call Imp              Summ           ####....     2%          2    None
f - Animate Dead          Necr           N/A          1%          4    None
g - Blink                 Tloc           N/A          3%          2    None
h - Mephitic Cloud        Conj/Pois/Air  ###.....     7%          3    None
i - Conjure Flame         Conj/Fire      ###.....     6%          3    None
j - Simulacrum            Ice/Necr       #####.....   54%         6    #####..

Your spell library contained the following spells:

 Spells                   Type           Power        Failure   Level  Hunger
 Magic Dart               Conj           ####         1%          1    None
 Slow                     Hex            ###.....     6%          2    None
 Ice Form                 Ice/Tmut       ###.....     36%         4    None
 Metabolic Englaciation   Hex/Ice        ###.......   71%         5    ###....
 Bolt of Cold             Conj/Ice       ###.......   98%         6    #####..
 Freezing Cloud           Conj/Ice/Air   ###.......   98%         6    #####..
 Ozocubu's Refrigeration  Ice            ###.......   99%         6    #####..


Dungeon Overview and Level Annotations

Branches:
Dungeon (10/15)            Temple (1/1) D:4            Lair (0/6) D:9
    Orc: D:9-12

Altars:
Ashenzari
Cheibriados
Dithmenos
Elyvilon
Fedhas
Gozag
Hepliaklqana
Kikubaaqudgha
Makhleb
Nemelex Xobeh
Okawaru
Qazlal
Ru
Sif Muna
Trog
Uskayaw
Vehumet
Wu Jian
Xom
Yredelemnul
Zin
The Shining One

Shops:
D:6 [

Annotations:
D:5 3 runed translucent doors, appiemonkey's ghost, novice MiGl


Message History

The hippogriff barely misses you. x2; The hippogriff closely misses you.
You hit the hippogriff.
The hippogriff is heavily wounded.
You are engulfed in noxious fumes.
The hippogriff is engulfed in blazing flames.
The hippogriff bites you! The hippogriff pecks you.
The hippogriff barely misses you.
The hippogriff is engulfed in noxious fumes.
The hippogriff bites you. The hippogriff pecks you. The hippogriff claws you!
* * * LOW HITPOINT WARNING * * *
Unknown command.
It was a potion of flight.
You feel very buoyant.
You fly up into the air.
You are engulfed in noxious fumes.
You choke on the stench!
You are more confused.
* * * LOW HITPOINT WARNING * * *
The hippogriff is engulfed in blazing flames.
The hippogriff bites you!
You die...

#.............
#...........###
#......######
#......# #......+
#......# #......# ..
#.....H########...
#.....@Hâ—‹.........
#..#####W.....###
##.# #......# #.+
#......# #.+
#......# #. #......#
.......# ..........
......$....#


You could see 2 hippogriffs and a phantom.

Vanquished Creatures
  A two-headed ogre (D:9)
  A queen bee (D:9)
  A water moccasin (D:8)
  3 orc warriors
  An ice beast (D:7)
  A black bear (D:9)
  A sky beast (D:9)
  An ogre (D:10)
  5 bullfrogs
  A scorpion (D:7)
  19 killer bees
  2 howler monkeys
  A bullfrog zombie (D:7)
  3 hounds
  5 orc priests
  2 jellies (D:7)
  A gnoll shaman (D:5)
  A centaur skeleton (D:8)
  5 orc wizards
  3 worker ants
  A hound skeleton (D:4)
  2 gnolls (D:5)
  8 adders
  An adder zombie (D:9)
  A worm (D:2)
  5 dart slugs
  A leopard gecko (D:9)
  18 orcs
  6 bats
  7 giant cockroaches
  3 goblins
  9 hobgoblins
  3 jackals (D:4)
  5 kobolds
  4 quokkas
  3 ball pythons
  6 frilled lizards
  A jackal zombie (D:6)
  4 rats
146 creatures vanquished.

Vanquished Creatures (collateral kills)
  A water moccasin (D:6)
  An ogre (D:4)
  3 phantoms
  A wyvern zombie (D:6)
  6 killer bees
  A howler monkey (D:6)
  2 crimson imps
  A quasit (D:7)
  A bullfrog zombie (D:5)
  A bullfrog skeleton (D:6)
  An orc priest (D:4)
  A hound skeleton (D:5)
  2 gnolls (D:5)
  2 shadow imps
  2 leopard geckos
  6 orcs
  A frilled lizard (D:1)
33 creatures vanquished.

Vanquished Creatures (others)
  An orc (D:8)
1 creature vanquished.

Grand Total: 180 creatures vanquished

Notes
Turn   | Place    | Note
-------+----------+-------------------------------------------
     0 | D:1      | doot the Deep Elf Necromancer began the quest for the Orb.
     0 | D:1      | Reached XP level 1. HP: 10/10 MP: 6/6
    62 | D:1      | Learned a level 1 spell: Animate Skeleton
   263 | D:2      | Reached skill level 5 in Necromancy
   325 | D:2      | Found a shattered altar of Ashenzari.
   338 | D:2      | Reached XP level 2. HP: 1/15 MP: 0/8
   982 | D:3      | Found a shimmering altar of Xom.
  1053 | D:3      | Reached XP level 3. HP: 13/19 MP: 10/10
  1149 | D:3      | Reached skill level 4 in Spellcasting
  1289 | D:3      | Learned a level 3 spell: Regeneration
  1293 | D:3      | Learned a level 3 spell: Vampiric Draining
  1515 | D:4      | Reached XP level 4. HP: 21/24 MP: 12/12
  1553 | D:4      | Learned a level 2 spell: Call Imp
  1595 | D:4      | Found a shadowy altar of Dithmenos.
  2011 | D:4      | Found a staircase to the Ecumenical Temple.
  2022 | Temple   | Entered the Ecumenical Temple
  2085 | Temple   | Became a worshipper of Sif Muna the Loreminder
  2357 | D:1      | Reached skill level 5 in Spellcasting
  2864 | D:2      | Reached XP level 5. HP: 26/28 MP: 14/14
  2876 | D:2      | Learned a level 4 spell: Animate Dead
  3848 | D:4      | Noticed an ogre
  3860 | D:4      | Killed an ogre
  3860 | D:4      | Reached skill level 6 in Spellcasting
  3951 | D:4      | Learned a level 2 spell: Blink
  3952 | D:5      | Entered Level 5 of the Dungeon
  3961 | D:5      | Reached * piety under Sif Muna
  3961 | D:5      | Reached XP level 6. HP: 30/32 MP: 17/17
  3995 | D:5      | Found a white marble altar of Elyvilon.
  4128 | D:5      | Found a bloodstained altar of Trog.
  4135 | D:5      | Reached skill level 1 in Summonings
  4174 | D:5      | Found a runed translucent gate.
  4174 | D:5      | Found a runed translucent gate.
  4174 | D:5      | Noticed appiemonkey's ghost (novice MiGl)
  4176 | D:5      | Found a runed translucent gate.
  4181 | D:5      | Noticed an ice beast
  4582 | D:5      | Reached skill level 7 in Spellcasting
  4815 | D:5      | Reached XP level 7. HP: 31/36 MP: 20/20
  4927 | D:6      | Found Hueval's Armour Shoppe.
  5135 | D:6      | Bought the cursed +1 robe "Loq Tian" {MP+9 Str+4 Dex-4
                  | SInv} for 426 gold pieces
  5176 | D:6      | Reached skill level 8 in Spellcasting
  5200 | D:6      | Reached ** piety under Sif Muna
  5426 | D:6      | Learned a level 3 spell: Mephitic Cloud
  5821 | D:7      | Learned a level 3 spell: Conjure Flame
  5967 | D:7      | Reached skill level 9 in Spellcasting
  5967 | D:7      | Reached XP level 8. HP: 13/42 MP: 23/23
  5970 | D:7      | Reached skill level 1 in Fighting
  6457 | D:7      | Reached skill level 1 in Conjurations
  6458 | D:7      | Reached skill level 10 in Spellcasting
  6477 | D:7      | Reached *** piety under Sif Muna
  7424 | D:9      | Found a sparkling altar of Nemelex Xobeh.
  7424 | D:9      | Found an ornate altar of the Wu Jian Council.
  7508 | D:9      | Reached skill level 1 in Translocations
  7574 | D:9      | Reached skill level 11 in Spellcasting
  7574 | D:9      | Reached XP level 9. HP: 20/47 MP: 26/26
  7641 | D:9      | Found a sacrificial altar of Ru.
  7694 | D:9      | Found a staircase to the Lair.
  7726 | D:9      | Reached **** piety under Sif Muna
  7832 | D:9      | Noticed a queen bee
  7846 | D:9      | Reached skill level 10 in Necromancy
  7863 | D:9      | Reached skill level 12 in Spellcasting
  7869 | D:9      | Killed a queen bee
  7924 | D:9      | HP: 2/47 [poisoned by a killer bee]
  8341 | D:9      | Noticed a two-headed ogre
  8357 | D:9      | Reached ***** piety under Sif Muna
  8465 | D:9      | Killed a two-headed ogre
  8465 | D:9      | Reached skill level 13 in Spellcasting
  8465 | D:9      | Reached skill level 1 in Poison Magic
  8603 | D:10     | Entered Level 10 of the Dungeon
  8632 | D:10     | Received a gift from Sif Muna
  8643 | D:10     | Learned a level 6 spell: Simulacrum
  8753 | D:10     | Slain by a hippogriff

Skill      XL: |  1  2  3  4  5  6  7  8  9 |
---------------+----------------------------+-----
Necromancy     | 5 6 7 8 9 10 | 10.9
Spellcasting   | 4 5 6 7 9 11 13 | 13.0
Summonings     | 1 2 |  2.3
Stealth        | 3 |  3.6
Dodging        | 3 |  3.1
Fighting       | 1 |  1.1
Conjurations   | 1 2 |  2.4
Translocations | 1 |  1.6
Poison Magic   | 1 |  1.0
Short Blades   | |  0.8
Charms         | |  0.7
Fire Magic     | |  0.5
Air Magic      | |  0.5

Action                   |  1- 3 |  4- 6 |  7- 9 || total
-------------------------+-------+-------+-------++-------
Melee: Dagger            |     1 |    40 |   103 ||   144
 Cast: Pain              |    45 |    93 |   192 ||   330
       Animate Skeleton  |     4 |    11 |     8 ||    23
       Call Imp          |       |    23 |    44 ||    67
       Regeneration      |       |     2 |    11 ||    13
       Animate Dead      |       |     2 |    21 ||    23
       Vampiric Draining |       |     1 |       ||     1
       Blink             |       |     1 |    11 ||    12
       Mephitic Cloud    |       |       |    23 ||    23
       Conjure Flame     |       |       |    17 ||    17
  Use: Potion            |       |     1 |     3 ||     4
       Scroll            |       |       |    11 ||    11
 Stab: Sleeping          |       |       |     2 ||     2
       Confused          |       |       |     1 ||     1
  Eat: Chunk             |     1 |    10 |     8 ||    19
       Ration            |       |       |     2 ||     2
Armor: Robe              |     1 |    16 |    34 ||    51
Dodge: Dodged            |     4 |    22 |   170 ||   196
Block: Other             |       |    11 |    35 ||    46
       Reflection        |       |     1 |     1 ||     2
